 Dungeon Crawl Stone Soup version 0.29.1-15-g9cfb28693d (webtiles) character file.

Game seed: 1618367049873856789

7059 BuddhaDhamma the Severer (level 10, 0/77 HPs)
             Began as a Minotaur Berserker on Feb 24, 2023.
             Was a High Priest of Trog.
             Slain by an orc warrior
             ... wielding a +0 glaive
              (10 damage)
             ... on level 9 of the Dungeon.
             The game lasted 00:28:09 (9842 turns).

BuddhaDhamma the Severer (Minotaur Berserker)       Turns: 9842, Time: 00:28:10

Health: 0/77       AC: 11    Str: 25    XL:     10   Next: 83%
Magic:  9/9        EV: 11    Int:  4    God:    Trog [*****.]
Gold:   365        SH:  0    Dex: 23    Spells: 9/9 levels left

rFire   + + .      SeeInvis .   t - +7 war axe (freeze)
rCold   x . .      Faith    .   (no shield)
rNeg    . . .      Spirit   .   v - +0 fire dragon scales
rPois   .          Reflect  .   (helmet restricted)
rElec   .          Harm     .   (no cloak)
rCorr   .          Rampage  .   (no gloves)
Will    .....                   b - +2 pair of boots
Stlth   +.........              (no amulet)
HPRegen 0.22/turn               g - +6 ring of dexterity
MPRegen 0.11/turn               r - +6 ring of dexterity

@: on berserk cooldown, slowed, very slow
A: horns 2, retaliatory headbutt
a: Renounce Religion, Berserk, Trog's Hand, Brothers in Arms


You were on level 9 of the Dungeon.
You worshipped Trog.
Trog was extremely pleased with you.
You visited 1 branch of the dungeon, and saw 9 of its levels.

You collected 443 gold pieces.
You spent 78 gold pieces at shops.

Inventory:

Hand Weapons
 t - a +7 war axe of freezing (weapon)
Missiles
 s - 12 boomerangs (quivered)
Armour
 b - a +2 pair of boots (worn)
 k - a +0 cloak
 v - +0 fire dragon scales (worn)
Jewellery
 g - a +6 ring of dexterity (left hand)
 q - a ring of see invisible
 r - a +6 ring of dexterity (right hand)
Wands
 l - a wand of light (6)
 n - a wand of roots (12)
 p - a wand of mindburst (17)
Scrolls
 c - 2 scrolls of blinking
 e - a scroll of teleportation
Potions
 d - a potion of berserk rage
 f - 2 potions of heal wounds
 h - 3 potions of curing
 o - 2 potions of haste


   Skills:
 - Level 3.6 Fighting
 * Level 18.5 Axes
 + Level 4.3 Throwing
 - Level 2.4 Armour
 - Level 2.1 Dodging
 + Level 2.3 Stealth


You had 9 spell levels left.
You didn't know any spells.
Your spell library was empty.

Dungeon Overview and Level Annotations

Branches:
Dungeon (9/15)             Temple (0/1) D:7
   Lair: D:8-11         Orc: D:9-12

Altars:
Ashenzari
Cheibriados
Elyvilon
Hepliaklqana
Kikubaaqudgha
Makhleb
Okawaru
Sif Muna
Zin

Shops:
D:8 ?


Innate Abilities, Weirdness & Mutations

You have a pair of horns on your head.
You reflexively headbutt those who attack you in melee.


Message History

You kill the yak!
Trog accepts your kill.
You are no longer berserk.
You are exhausted.
You feel yourself slow down. The orc warrior closely misses you.
The orc wizard hits you with a +0 dagger.
The orc warrior hits you but does no damage.
You hit the orc warrior. You freeze the orc warrior.
You headbutt the orc warrior, but do no damage.
The orc warrior is lightly wounded.
You slash the orc wizard! You freeze the orc wizard.
The orc throws a boomerang.
The boomerang hits you. The orc wizard closely misses you.
The orc warrior hits you with a +0 glaive!
You barely miss the orc warrior.
The orc warrior is lightly wounded.
You hit the orc wizard. You freeze the orc wizard.
The orc throws a boomerang.
The boomerang misses you.
The orc wizard hits you but does no damage.
The orc warrior hits you with a +0 glaive!!
* * * LOW HITPOINT WARNING * * *
The orc wizard hits you but does no damage.
The orc warrior hits you with a +0 glaive!
* * * LOW HITPOINT WARNING * * *
The orc throws a boomerang.
The boomerang hits you but does no damage.
You hit the orc warrior. You freeze the orc warrior.
The orc warrior is moderately wounded.
You hit the orc wizard. You freeze the orc wizard.
You kill the orc wizard!
Trog accepts your kill.
Trog appreciates your killing of a magic user.
The orc warrior barely misses you. You furiously retaliate!
You headbutt the orc warrior! You barely miss the orc.
Your headbutt misses the orc.
You hit the orc warrior but do no damage.
The orc hits you but does no damage. The orc warrior barely misses you.
The orc attacks as you move away! The orc hits you but does no damage.
The orc warrior hits you with a +0 glaive!
You die...

#. ....... #.#
....... #.#
....... #.#
.......##.#####
..........).<.#
.........).).#
#.)o).))=.#
#..o@..!..#
#.$†......#
#.........#
............#
#...............
#................
#.....########...
#..... ... #.....


You could see an orc warrior and an orc.

Vanquished Creatures
  Joseph (D:8)
  Maggie (D:8)
  Grinder (D:5)
  A shadow (D:6)
  15 yaks
  Eustachio (D:5)
  A vampire (D:5)
  2 humans (D:8)
  2 sky beasts (D:8)
  An ice beast (D:6)
  An orc warrior (D:5)
  3 black bears
  An ogre (D:5)
  5 centaurs
  2 kobold brigands
  5 necrophages
  A gnoll sergeant (D:8)
  9 wights
  7 killer bees (D:8)
  An electric eel (D:6)
  5 hounds
  2 jellies
  5 orc priests
  3 gnoll boudas
  4 iguanas (D:6)
  6 orc wizards
  17 gnolls
  7 adders
  A white imp (D:6)
  A worm (D:2)
  4 dart slugs
  28 orcs
  9 ball pythons
  3 bats
  6 endoplasms
  3 giant cockroaches (D:2)
  3 hobgoblins
  6 jackals
  17 kobolds
  A quokka (D:1)
  4 frilled lizards
  8 goblins
  2 rats
  A spectral goblin (D:6)
207 creatures vanquished.

Vanquished Creatures (others)
  15 plants (D:6)
  7 withered plants (D:8)
22 creatures vanquished.

Grand Total: 229 creatures vanquished

Notes
Turn   | Place    | Note
-------+----------+-------------------------------------------
     0 | D:1      | BuddhaDhamma the Minotaur Berserker began the quest for the
                  | Orb.
     0 | D:1      | Reached XP level 1. HP: 19/19 MP: 0/0
   137 | D:1      | Reached skill level 4 in Axes
   173 | D:1      | Reached XP level 2. HP: 22/26 MP: 1/1
   513 | D:1      | Reached skill level 5 in Axes
   522 | D:1      | Reached ** piety under Trog
   523 | D:1      | Reached XP level 3. HP: 23/31 MP: 2/2
  1463 | D:2      | Reached skill level 6 in Axes
  1463 | D:2      | Reached XP level 4. HP: 31/39 MP: 3/3
  2269 | D:3      | Found a faded altar of an unknown god.
  2622 | D:4      | Noticed a necrophage
  2637 | D:4      | Killed a necrophage
  2638 | D:4      | Reached skill level 7 in Axes
  2638 | D:4      | Reached XP level 5. HP: 45/45 MP: 4/4
  2778 | D:4      | Found a snail-covered altar of Cheibriados.
  3040 | D:4      | Found a shimmering blue altar of Sif Muna.
  3261 | D:4      | Reached skill level 8 in Axes
  3261 | D:4      | Reached XP level 6. HP: 28/51 MP: 5/5
  3564 | D:5      | Entered Level 5 of the Dungeon
  3567 | D:5      | Noticed a vampire
  3733 | D:5      | Reached skill level 9 in Axes
  3733 | D:5      | Reached skill level 1 in Stealth
  3735 | D:5      | Reached XP level 7. HP: 57/57 MP: 6/6
  3737 | D:5      | Reached *** piety under Trog
  3795 | D:5      | Killed a vampire
  3796 | D:5      | Reached skill level 10 in Axes
  3796 | D:5      | Reached skill level 1 in Throwing
  4050 | D:5      | Reached skill level 11 in Axes
  4054 | D:5      | Reached XP level 8. HP: 44/64 MP: 7/7
  4393 | D:5      | Noticed Grinder
  4395 | D:5      | Noticed Eustachio
  4409 | D:5      | Killed Grinder
  4410 | D:5      | Reached skill level 12 in Axes
  4450 | D:5      | Killed Eustachio
  4646 | D:5      | Reached skill level 13 in Axes
  5310 | D:6      | Reached XP level 9. HP: 60/68 MP: 8/8
  5727 | D:6      | Reached skill level 14 in Axes
  5856 | D:6      | Identified the +0 glaive of Pyjuv {venom, *Noise rF+ Str+4}
  5880 | D:6      | Reached skill level 15 in Axes
  6195 | D:6      | Found a white marble altar of Elyvilon.
  6604 | D:6      | Found a hazy altar of Hepliaklqana.
  6675 | D:7      | Reached **** piety under Trog
  7383 | D:7      | Found a staircase to the Ecumenical Temple.
  7478 | D:7      | Reached skill level 16 in Axes
  8099 | D:8      | Reached XP level 10. HP: 77/77 MP: 9/9
  8136 | D:8      | Reached skill level 17 in Axes
  8527 | D:8      | Noticed Joseph
  8555 | D:8      | Killed Joseph
  9059 | D:8      | Noticed Maggie
  9072 | D:8      | Killed Maggie
  9276 | D:8      | Found Lakkoen's Magic Scroll Emporium.
  9280 | D:8      | Bought a scroll of identify for 26 gold pieces
  9280 | D:8      | Bought a scroll of identify for 26 gold pieces
  9280 | D:8      | Bought a scroll of identify for 26 gold pieces
  9336 | D:8      | Found a glowing silver altar of Zin.
  9337 | D:8      | Found a burning altar of Makhleb.
  9338 | D:8      | Noticed a blizzard demon
  9338 | D:8      | Noticed an angel
  9384 | D:8      | Found an ancient bone altar of Kikubaaqudgha.
  9443 | D:8      | Found an iron altar of Okawaru.
  9454 | D:8      | Reached ***** piety under Trog
  9455 | D:8      | Reached skill level 18 in Axes
  9653 | D:8      | Found a broken altar of Ashenzari.
  9842 | D:9      | Slain by an orc warrior

Illustrated notes

Levels and vault maps discovered:
D:1:      dpeg_arrival_shrine, layout_basic
D:2:      layout_basic, st_stairs_11
D:3:      layout_loops_ring, hellmonk_ecumenical_altar_pennies_from_heaven
D:4:      layout_rooms, led_sif_pool, cheibriados_altar_1, chequers_jeans,
          st_stairs_12
D:5:      layout_cave_pools, hangedman_abyss_or_decor_passed, nrook_uturn,
          minmay_bent, uniq_grinder, uniq_eustachio
D:6:      layout_loops_ring, nicolae_hepliaklqana_monster_ancestors,
          nicolae_elyvilon_temple_path
D:7:      layout_gridville, minmay_temple_entry_wispy, minmay_holes,
          grunt_decor_arrowhead
D:8:      layout_basic, kiku_gazebo_garden_becter, okawaru_humans,
          grunt_temple_overflow_order_and_chaos_2, mainiacjoe_overflow_catwalk,
          serial_shops, nicolae_shop_stone, minmay_misc_feat_ornament,
          reono_crystal_passage, uniq_joseph, uniq_maggie
D:9:      corexii_shack_village, layout_basic, minmay_orc_entry_temple_small,
          chequers_serial_rivers_room_a

Skill      XL: |  1  2  3  4  5  6  7  8  9 10 |
---------------+-------------------------------+-----
Axes           | 4 5 6 7 8 9 11 13 16 18 | 18.5
Stealth        | 1 2 |  2.3
Throwing       | 1 2 3 4 |  4.3
Fighting       | |  3.6
Armour         | |  2.4
Dodging        | |  2.1

Action                   |  1- 3 |  4- 6 |  7- 9 | 10-12 || total
-------------------------+-------+-------+-------+-------++-------
Melee: Hand axe          |    76 |    30 |       |       ||   106
       Headbutt          |    11 |    10 |    28 |    18 ||    67
       Punch             |     1 |       |     4 |     3 ||     8
       War axe           |       |    31 |   172 |   106 ||   309
Throw: Stone             |     4 |     5 |       |       ||     9
       Boomerang         |       |    11 |    15 |     3 ||    29
Invok: Berserk           |     1 |     2 |     3 |     2 ||     8
  Use: Scroll            |       |     9 |     6 |     6 ||    21
       Potion            |       |       |       |     1 ||     1
Armor: Animal skin       |    18 |     1 |       |       ||    19
       Ring mail         |       |     8 |       |       ||     8
       Chain mail        |       |     1 |       |       ||     1
       Fire dragon scale |       |     4 |    65 |    48 ||   117
Dodge: Dodged            |    68 |    30 |   108 |    59 ||   265
